 Dungeon Crawl Stone Soup version 0.28-a0-556-gab23d0e057 (webtiles) character file.

Game seed: 17325179087094088787

437 meatgazer the Chopper (level 7, -6/63 HPs)
             Began as a Hill Orc Monk on Sept 28, 2021.
             Was a Priest of Vehumet.
             Mangled by Pikel (12 damage)
             ... on level 4 of the Dungeon.
             The game lasted 00:06:25 (3814 turns).

meatgazer the Chopper (Hill Orc Monk)               Turns: 3814, Time: 00:06:25

Health: -6/63      AC: -7    Str: 19    XL:     7   Next: 1%
Magic:  2/8        EV: 12    Int: 10    God:    Vehumet [***...]
Gold:   115        SH:  0    Dex: 13    Spells: 7/8 levels left

rFire   . . .      SeeInvis .   a - +3 hand axe
rCold   . . .      Faith    +   (no shield)
rNeg    . . .      Spirit   .   b - +0 robe
rPois   .          Reflect  .   (no helmet)
rElec   .          Harm     .   (no cloak)
rCorr   .          Rampage  .   (no gloves)
Will    .....                   g - +2 pair of boots
Stlth   +++.......              e - amulet of Curueggigg {Faith *Corrode Regen+ Str+3 Stlth+}
HPRegen 1.20/turn               (no ring)
MPRegen 0.11/turn               (no ring)

@: corroded
A: no striking features
a: Renounce Religion


You were on level 4 of the Dungeon.
You worshipped Vehumet.
Vehumet was most pleased with you.
You visited 1 branch of the dungeon, and saw 4 of its levels.

You collected 115 gold pieces.

Inventory:

Hand Weapons
 a - a +3 hand axe (weapon)
Armour
 b - a +0 robe (worn)
 g - a +2 pair of boots (worn)
Jewellery
 e - the amulet of Curueggigg (around neck) {Faith *Corrode Regen+ Str+3 Stlth+}
   (You acquired it on level 3 of the Dungeon)

   [amulet of faith]

   It allows you to gain divine favour quickly.
   Str:       It affects your strength (+3).
   Regen:     It increases your rate of health regeneration.
   *Corrode:  It may corrode you when you take damage.
   Stlth:     It makes you more stealthy.
Scrolls
 d - 3 scrolls of fear
 f - a scroll of magic mapping
 h - 3 scrolls of identify
 i - a scroll of vulnerability {unknown}
Potions
 c - a potion of brilliance {unknown}


   Skills:
 - Level 6.1 Fighting
 - Level 6.7 Axes
 - Level 2.4 Dodging
 - Level 1.5 Stealth
 * Level 1.2 Spellcasting
 * Level 1.8 Conjurations
 * Level 2.1 Fire Magic


You had 7 spell levels left.
You knew the following spells:

 Your Spells              Type           Power      Damage    Failure   Level
a - Foxfire               Conj/Fire      16%        2x1d4     4%          1

Your spell library contained the following spells:

 Spells                   Type           Power      Damage    Failure   Level
 Ignite Poison            Fire/Tmut/Pois 2%         N/A       19%         3
 Beastly Appendage        Tmut           0%         N/A       34%         1
 Wereblood                Tmut           0%         N/A       45%         2
 Spider Form              Tmut/Pois      0%         N/A       71%         3
 Irradiate                Conj/Tmut      1%         3d14      82%         5
 Blade Hands              Tmut           0%         N/A       100%        5
 Dragon Form              Tmut           0%         N/A       100%        7


Dungeon Overview and Level Annotations

Branches:
Dungeon (4/15)             Temple (0/1) D:4

Altars:
Vehumet

Shops:
D:2 (?:

Annotations:
D:4 Pikel


Message History

The jackal is heavily wounded.
You hit the jackal. You hit the lemure. You hit the lemure but do no damage.
The jackal barely misses you.
The jackal bites you but does no damage.
The lemure closely misses you.
Your magical contamination has completely faded away.
You barely miss the jackal.
The jackal is heavily wounded.
You hit the jackal.
You kill the jackal!
Vehumet accepts your kill.
You closely miss the lemure. You barely miss the lemure.
The jackal barely misses you. The lemure hits you.
The lemure closely misses you. The jackal bites you.
You barely miss the jackal.
The jackal is heavily wounded.
You hit Pikel. You barely miss the lemure. You hit the lemure.
The lemure completely misses you. The jackal closely misses you.
Pikel hits you with a +1 whip of flaming.
Your corrosive artefact corrodes you!
Pikel burns you.
* * * LOW HITPOINT WARNING * * *
Your corrosive artefact corrodes you!
The lemure closely misses you.
You hit Pikel but do no damage.
Pikel is lightly wounded.
You hit the jackal but do no damage. You hit the lemure.
You hit the lemure but do no damage. The jackal closely misses you.
The lemure closely misses you.
Pikel hits you with a +1 whip of flaming.
* * * LOW HITPOINT WARNING * * *
Pikel burns you.
* * * LOW HITPOINT WARNING * * *
Your corrosive artefact corrodes you!
The lemure hits you!
* * * LOW HITPOINT WARNING * * *
You closely miss Pikel.
Pikel is lightly wounded.
You closely miss the lemure. You hit the lemure but do no damage.
You hit the jackal. The jackal closely misses you.
The lemure barely misses you.
Pikel hits you with a +1 whip of flaming!
You die...

#.##.# ♣♣P≈..≈≈≈ #....#
#.. ♣≈≈≈..≈≈P ..##.#
#.# ♣P≈≈...PP
#....##### #.#
♣≈≈≈..(♣≈ ..#......#
... ♣≈≈≈≈..≈≈
#.#......# #.#
♣P≈P....≈ #....##..#
#.# ♣≈≈≈≈..≈≈
...#..#..#
#h##♣≈≈≈...P≈
##.#..#..#
#@K55≈♣≈P.≈≈≈
......#..# #55###♣
P5.♣♣
..##..#..#######...###♣
h.l.
..................>...♣
...
#........#######...####
.. ###.#.#### #..## (
###.# #.## #..# #..
#.## ###


You could see Pikel, 4 lemures and a jackal.

Vanquished Creatures
  An ogre (D:3)
  A phantom (D:4)
  2 scorpions (D:4)
  6 adders
  3 gnolls (D:3)
  An adder skeleton (D:4)
  2 worms (D:3)
  2 dart slugs
  An orc (D:3)
  7 bats
  5 endoplasms
  5 giant cockroaches
  4 goblins
  7 hobgoblins
  A jackal (D:4)
  3 kobolds
  2 quokkas (D:1)
  4 ball pythons
  5 frilled lizards
  9 rats
71 creatures vanquished.

Vanquished Creatures (others)
  8 foxfires
  5 plants (D:4)
13 creatures vanquished.

Grand Total: 84 creatures vanquished

Notes
Turn   | Place    | Note
-------+----------+-------------------------------------------
     0 | D:1      | meatgazer the Hill Orc Monk began the quest for the Orb.
     0 | D:1      | Reached XP level 1. HP: 19/19 MP: 1/1
   261 | D:1      | Reached XP level 2. HP: 24/27 MP: 2/2
   684 | D:1      | Reached XP level 3. HP: 33/33 MP: 3/3
  1008 | D:2      | Found Oxinali's Weapon Shoppe.
  1192 | D:2      | Reached skill level 5 in Axes
  1299 | D:2      | Found Zaomismoco's Magic Scroll Boutique.
  1317 | D:2      | Found Vytoer's Book Shop.
  1801 | D:3      | Reached XP level 4. HP: 41/41 MP: 4/4
  1866 | D:3      | Identified a scroll of acquirement
  1866 | D:3      | Acquired the amulet of Curueggigg {Faith *Corrode Regen+
                  | Str+3 Stlth+}
  1957 | D:3      | Reached skill level 5 in Fighting
  2481 | D:3      | Reached XP level 5. HP: 47/48 MP: 5/5
  2751 | D:3      | Noticed an ogre
  2775 | D:3      | Killed an ogre
  2776 | D:3      | Reached XP level 6. HP: 35/57 MP: 6/6
  3276 | D:3      | Found a faded altar of an unknown god.
  3286 | D:3      | Became a worshipper of Vehumet
  3286 | D:3      | Reached * piety under Vehumet
  3286 | D:3      | Offered knowledge of Foxfire by Vehumet.
  3286 | D:3      | Reached ** piety under Vehumet
  3290 | D:3      | Learned a level 1 spell: Foxfire
  3425 | D:4      | Offered knowledge of Poisonous Vapours by Vehumet.
  3500 | D:4      | Found a staircase to the Ecumenical Temple.
  3517 | D:4      | Reached skill level 1 in Fire Magic
  3680 | D:4      | Offered knowledge of Ignite Poison by Vehumet.
  3681 | D:4      | Reached skill level 1 in Spellcasting
  3681 | D:4      | Reached skill level 1 in Conjurations
  3789 | D:4      | Noticed Pikel
  3799 | D:4      | Reached *** piety under Vehumet
  3800 | D:4      | Reached XP level 7. HP: 31/63 MP: 8/8
  3814 | D:4      | Mangled by Pikel

Illustrated notes

Levels and vault maps discovered:
D:1:      kennysheep_arrival_forest, layout_basic
D:2:      layout_loops_cross, serial_shops, shop, shop_fountains,
          nicolae_shop_waterfront
D:3:      kennysheep_six_static_rooms, layout_basic,
          ebering_ecumenical_altar_webs, minmay_misc_feat_five,
          grunt_ministairs_6
D:4:      layout_loops_corners, minmay_temple_entry_ruins, serial_bayou_ford_a,
          uniq_pikel, uniq_robin

Skill      XL: |  1  2  3  4  5  6 |
---------------+-------------------+-----
Fighting       | 4 5 6 |  6.1
Axes           | 5 6 |  6.7
Fire Magic     | 2 |  2.1
Spellcasting   | 1 |  1.2
Conjurations   | 1 |  1.8
Dodging        | |  2.4
Stealth        | |  1.5

Action                   |  1- 3 |  4- 6 |  7- 9 || total
-------------------------+-------+-------+-------++-------
Melee: Hand axe          |   100 |   135 |     7 ||   242
 Cast: Foxfire           |       |     1 |     6 ||     7
  Use: Scroll            |       |    10 |       ||    10
       Potion            |       |     3 |       ||     3
 Stab: Sleeping          |     4 |     4 |       ||     8
Armor: Robe              |    34 |    17 |     4 ||    55
Dodge: Dodged            |    60 |    73 |    18 ||   151

Table legend: (Time is in decaauts)
 A = Elapsed time spent in this place.
 B = Non-inter-level travel time spent in this place.
 C = Inter-level travel time spent in this place.
 D = Time resting spent in this place.
 E = Time spent auto-exploring this place.
 F = Levels seen in this place.
 G = Mean time per level.
                   A        B        C        D        E       F      G
               +--------+--------+--------+--------+--------+-----+--------+
         Total |   3801 |   3679 |    122 |    557 |   2533 |   4 |  950.2 |
       Dungeon |   3801 |   3679 |    122 |    557 |   2533 |   4 |  950.2 |
               +--------+--------+--------+--------+--------+-----+--------+

Top non-repeatable levels by time:
     D:3: 1632 daAuts
     D:1: 947 daAuts
     D:2: 823 daAuts
     D:4: 398 daAuts
